 Dungeon Crawl Stone Soup version 0.21.1-1-g345015f (webtiles) character file.

88 inc the Chiller (level 4, 19/19 HPs)
             Began as a Felid Ice Elementalist on Mar 17, 2018.
             Quit the game on level 4 of the Dungeon.
             The game lasted 00:05:45 (3578 turns).

inc the Chiller (Felid Ice Elementalist)            Turns: 3578, Time: 00:05:45

Health: 19/19      AC:  1    Str:  4    XL:     4   Next: 30%
Magic:  8/8        EV: 18    Int: 17    God:
Gold:   214        SH:  0    Dex: 17    Spells: 6/7 levels left
                                        Lives:  0   Deaths: 1

rFire    . . .     SeeInvis +   (weapon unavailable)
rCold    . . .     Gourm    .   (shield unavailable)
rNeg     . . .     Faith    .   (armour unavailable)
rPois    .         Spirit   .   (helmet unavailable)
rElec    .         Reflect  .   (cloak unavailable)
rCorr    .         Harm     .   (gloves unavailable)
MR       .....                  (boots unavailable)
Stlth    +++.......             (no amulet)
HPRegen  0.06/turn              (no ring)
MPRegen  0.11/turn              (no ring)

@: quick
A: very small, no armour, no weapons or thrown items, stealth, claws 1, fangs 3,
see invisible, carnivore, speed 1, shaggy fur 1, slow metabolism 1, sharp paws
a: no special abilities


You were on level 4 of the Dungeon.
You were not hungry.

You visited 1 branch of the dungeon, and saw 4 of its levels.

You collected 214 gold pieces.

Inventory:

Wands
 k - a wand of polymorph (9)
Scrolls
 c - a scroll of immolation
 d - 4 scrolls of teleportation
 f - a scroll of blinking {unknown}
 h - a scroll of enchant armour {unknown}
 i - 2 scrolls of fear {unknown}
 j - 5 scrolls of identify {unknown}
 m - a scroll of fog {unknown}
Potions
 e - 4 potions of heal wounds {unknown}
 g - 3 potions of agility {unknown}
 l - a potion of might {unknown}
Books
 a - a book of Frost

   Spells                             Type                      Level
   a - Freeze                         Ice                          1
   b - Throw Frost                    Conjuration/Ice              2
   c - Ozocubu's Armour               Charms/Ice                   3
   d - Throw Icicle                   Conjuration/Ice              4
   e - Summon Ice Beast               Ice/Summoning                4
Comestibles
 b - 7 rations


   Skills:
 + Level 1.6 Fighting
 - Level 2.6 Dodging
 - Level 2.6 Stealth
 - Level 2.0 Spellcasting
   Level 0.8 Conjurations
 - Level 5.2 Ice Magic


You had 6 spell levels left.
You knew the following spells:

 Your Spells              Type           Power        Failure   Level  Hunger
a - Freeze                Ice            ###.         2%          1    #......


Dungeon Overview and Level Annotations

Branches:
Dungeon (4/15)
 Temple: D:4-7

Altars:
Ashenzari
Ru
Sif Muna
Zin
The Shining One

Annotations:
D:3 Terandir's ghost, amateur DEEE


Innate Abilities, Weirdness & Mutations

You cannot wear armour.
You are incapable of wielding weapons or throwing items.
Your paws allow you to move quietly. (Stealth)
You have sharp claws.
You have razor-sharp teeth.
You have supernaturally acute eyesight. (SInv)
You are carnivorous and can eat meat at any time.
You cover ground quickly.
You are covered in fur. (AC +1)
You have a slow metabolism.
Your sharp claws are effective at attacking unaware monsters.


Message History

Press: ? - help, Shift-Dir - straight line, f/p - orc priest
Aim: an orc priest, wielding a flail and wearing a ring mail (moderately wounded)
You freeze the orc priest.
The orc priest is severely wounded.
The orc priest calls upon Beogh to heal the orc priest.
The orc priest is healed somewhat.
The orc priest hits you with a flail!
Casting: Freeze
Confirm with . or Enter, or press ? or * to list all spells.
Aiming: Freeze
Press: ? - help, Shift-Dir - straight line, f/p - orc priest
Aim: an orc priest, wielding a flail and wearing a ring mail (moderately wounded)
You freeze the orc priest.
The orc priest is severely wounded.
The orc priest mumbles some strange prayers to Beogh against you.
Beogh smites you!
You die...
You are now level 4!
You rejoin the land of the living...
Found an escape hatch in the floor.
Are you sure you want to abandon this character and quit the game? (Confirm with "yes".)

+......+
#......#
#......#
#......#
#......#
#......#
#......#
#.@..>.#
#......#
#......#
........+
..#...####
...#...# #
....#...#
#.....#...#
#.....#


There were no monsters in sight!

Vanquished Creatures
  Ijyb (D:3)
  9 adders
  2 oozes
  A worm (D:3)
  A dart slug (D:1)
  A leopard gecko (D:3)
  An orc (D:3)
  5 bats
  5 giant cockroaches
  4 goblins
  7 hobgoblins
  2 quokkas
  10 frilled lizards
  7 kobolds
  8 rats
64 creatures vanquished.

Notes
Turn   | Place    | Note
-------+----------+-------------------------------------------
     0 | D:1      | inc the Felid Ice Elementalist began the quest for the Orb.
     0 | D:1      | Reached XP level 1. HP: 7/7 MP: 4/4
   321 | D:1      | Reached skill level 3 in Ice Magic
   577 | D:1      | Reached XP level 2. HP: 11/11 MP: 4/6
  1108 | D:2      | Found a deep blue altar of Sif Muna.
  1127 | D:2      | Reached skill level 4 in Ice Magic
  1127 | D:2      | Reached XP level 3. HP: 14/14 MP: 3/7
  1411 | D:2      | Reached XP level 4. HP: 17/18 MP: 6/8
  2209 | D:3      | Reached skill level 5 in Ice Magic
  2280 | D:3      | Noticed Ijyb
  2291 | D:3      | Killed Ijyb
  2291 | D:3      | Reached XP level 5. HP: 19/21 MP: 3/9
  2469 | D:3      | Noticed Terandir's ghost (amateur DEEE)
  2696 | D:3      | Reached skill level 1 in Fighting
  3208 | D:3      | Found a shattered altar of Ashenzari.
  3215 | D:3      | Found a glowing golden altar of the Shining One.
  3215 | D:3      | Found a sacrificial altar of Ru.
  3218 | D:3      | Found a glowing silver altar of Zin.
  3458 | D:4      | Noticed an ogre
  3577 | D:4      | Killed from afar by an orc priest
  3578 | D:4      | Reached XP level 4. HP: -2/19 MP: 6/8
  3578 | D:4      | Quit the game

Skill      XL: |  1  2  3  4  5 |
---------------+----------------+-----
Ice Magic      | 3 4 5 |  5.2
Fighting       | 1 |  1.6
Dodging        | |  2.6
Stealth        | |  2.6
Spellcasting   | |  2.0
Conjurations   | |  0.8

Action                   |  1- 3 |  4- 6 || total
-------------------------+-------+-------++-------
Melee: Unarmed           |    13 |    10 ||    23
       Bite              |       |     1 ||     1
 Cast: Freeze            |    36 |    60 ||    96
  Use: Scroll            |       |     2 ||     2
 Stab: Sleeping          |     4 |     7 ||    11
  Eat: Chunk             |     2 |     5 ||     7
Armor: Skin              |     1 |       ||     1
Dodge: Dodged            |    30 |    35 ||    65
